 Dungeon Crawl Stone Soup version 0.18.1-50-g88ac8fd (webtiles) character file.

6381 magog001 the Blocker (level 10, -5/126 HPs)
             Began as a Minotaur Fighter on Mar 5, 2017.
             Was a Follower of Nemelex Xobeh.
             Impaled on a porcupine's spines (12 damage)
             ... on level 2 of the Lair of Beasts.
             The game lasted 01:11:49 (9215 turns).

magog001 the Blocker (Minotaur Fighter)             Turns: 9215, Time: 01:11:50

Health: -5/126     AC: 30    Str: 27    XL:     10   Next: 65%
Magic:  9/9        EV:  2    Int:  5    God:    Nemelex Xobeh [*.....]
Gold:   470        SH: 19    Dex: 17    Spells: 0 memorised, 9 levels left

rFire  + . .     SeeInvis .     s - +3 flail (protect)
rCold  + . .     Gourm    .     (armour currently unavailable)
rNeg   + + +     Faith    .     u - +0 large shield
rPois  +         Spirit   .     (helmet currently unavailable)
rElec  +         Dismiss  .     (cloak currently unavailable)
rCorr  +         Reflect  .     (gloves currently unavailable)
SustAt .         Harm     .     (boots currently unavailable)
MR     +....     NoTele   +     (no amulet)
Stlth  +++.......               F - +3 ring of strength
                                k - ring of protection from magic

@: agile, tree-form, resistant, somewhat resistant to hostile enchantments,
fairly stealthy
A: (retaliatory headbutt), (horns 0), agile 1, (fire resistance 0), no device
heal 1
a: Renounce Religion


You were on level 2 of the Lair of Beasts.
You worshipped Nemelex Xobeh.
Nemelex Xobeh was aware of your devotion.
You were hungry.
You were a tree.
You visited 2 branches of the dungeon, and saw 10 of its levels.

You collected 522 gold pieces.
You spent 52 gold pieces at shops.

Inventory:

Hand Weapons
 s - a +3 flail of protection (weapon)
Missiles
 c - 61 poisoned needles
 l - 4 needles of sleeping
 n - 7 curare-tipped needles
 x - 8 tomahawks (quivered)
Armour
 a - a +0 cloak (melded)
 e - a +2 buckler
 m - a +2 scale mail of positive energy (melded)
 t - a +3 buckler
 u - a +0 large shield (worn)
Jewellery
 k - a ring of protection from magic (left branch)
 F - a +3 ring of strength (right branch)
Wands
 b - a wand of iceblast (12/15)
 i - a wand of polymorph (12/24)
 j - a wand of lightning (6/15)
 A - a wand of enslavement (15/24)
 D - a wand of iceblast (6/15)
 N - a wand of random effects (10/48)
Scrolls
 p - a scroll of summoning {unknown}
 y - 2 scrolls of teleportation
 C - a scroll of fear
 E - 2 scrolls of amnesia {unknown}
 G - 2 scrolls of blinking
 L - a scroll of vulnerability {unknown}
Potions
 d - a potion of resistance
 o - a potion of haste
 q - a potion of flight
 r - a potion of heal wounds {unknown}
 v - a potion of invisibility {unknown}
 w - a potion of lignification
 z - a potion of magic {unknown}
Miscellaneous
 I - a plain deck of war {drawn: 4}
Comestibles
 f - 8 bread rations
 g - a slice of pizza
 h - 8 chunks of flesh
 B - 2 meat rations
 H - 9 royal jellies
 J - 4 beef jerkies
 K - a fruit


   Skills:
 + Level 6.7 Fighting
   Level 2.8(5.5) Axes
 * Level 7.3(7.6) Maces & Flails
   Level 1.0(2.1) Polearms
 * Level 9.6 Armour
 * Level 8.2 Dodging
 + Level 0.8 Stealth
 * Level 11.4 Shields
 + Level 0.5 Evocations


You had 9 spell levels left.
You didn't know any spells.

Dungeon Overview and Level Annotations

Branches:
Dungeon (8/15)             Temple (0/1) D:4            Lair (2/8) D:8

Altars:
Ashenzari
Fedhas
Kikubaaqudgha
Nemelex Xobeh
Pakellas
Qazlal
Ru
Trog

Shops:
D:4 =:   D:5 }

Portals:
Ice
Cave: Lair:2

Annotations:
D:7 magog001's ghost, novice MiFi


Innate Abilities, Weirdness & Mutations

((You reflexively headbutt those who attack you in melee.))
((You have a pair of horns on your head.))
You are agile. (Dex +2)
((Your flesh is heat resistant.))
Potions and wands are less effective at restoring your health.


Message History

You block the river rat's attack. The wolf bites you but does no damage.
The river rat bites you but does no damage.
The porcupine bites you but does no damage.
You closely miss the wolf.
The wolf is moderately wounded.
You block the wolf's attack. You block the river rat's attack.
The wolf bites you but does no damage. The porcupine bites you.
* * * LOW HITPOINT WARNING * * *
The river rat bites you but does no damage.
Unknown command.
You hit the wolf.
The wolf is heavily wounded.
The wolf bites you but does no damage. You block the river rat's attack.
You block the porcupine's attack. The river rat bites you.
* * * LOW HITPOINT WARNING * * *
The wolf bites you but does no damage.
The river rat bites you but does no damage.
You are struck by the porcupine's spines.
You die...
Your body disappears without a glow.

*,,,,,* **.......,,,,,,,, **,,,**
##.......,,,,,,,, * **...##*
##P.......,,,,,,,, ***,.....#*
#....(....,,,,,,,, ,,,,.....P##
#.........,,,,,,,,
,**,#......#####.5.......,,,,,,,,
****#......)..##.........,,,,,,,,
*#....P....##r†......,,,,,,,,
##....##...♣#†......,,,,,,,,
####.......#Prhr5......,,,,,,,,
#.#.......##.........∩.,,,,,,,,
##............#...PP....,,,,,,,,
#P.........#............,,,,,,,,
##..............P.##....#***,,,,,
#.............#####*.....,***,,,,
............#..#,***≈≈≈♣*,,**,,,,
...........#♣..♣*,**≈≈≈***,**,,,,


You could see a wolf, a porcupine, 2 river rats and 2 white imps.

Vanquished Creatures
  A hydra (Lair:1)
  A black mamba (Lair:1)
  3 two-headed ogres
  Sigmund (D:3)
  A hungry ghost (D:8)
  A basilisk (Lair:1)
  3 wargs (D:8)
  Edmund (D:5)
  A soldier ant (D:8)
  Duvessa (D:4)
  3 water moccasins (Lair:1)
  2 porcupines (Lair:1)
  An orc warrior (D:7)
  3 sky beasts
  A black bear (D:8)
  An ogre (D:4)
  A phantom (D:5)
  2 wasps (D:8)
  2 centaurs
  A crocodile (Lair:1)
  A big kobold (D:8)
  4 giant frogs
  Blork the orc (D:4)
  A gnoll sergeant (D:8)
  3 jellies
  Dowan (D:4)
  2 scorpions
  3 crimson imps (D:5)
  A giant frog zombie (D:5)
  5 hounds
  An orc priest (D:4)
  7 orc wizards
  2 giant frog skeletons
  Crazy Yiuf (D:3)
  A gnoll shaman (D:8)
  Ijyb (D:3)
  Terence (D:3)
  5 iguanas
  2 worker ants (D:8)
  8 sheep (Lair:2)
  15 gnolls
  7 adders
  21 river rats
  10 white imps (Lair:2)
  An ooze (D:6)
  3 worms
  2 dart slugs
  5 giant geckos
  43 orcs
  5 giant cockroaches
  7 goblins
  10 hobgoblins
  11 jackals
  13 kobolds
  2 quokkas
  A ball python (D:5)
  A bat (D:3)
  A giant gecko skeleton (D:4)
  5 giant newts
  7 rats
  A plant (D:8)
253 creatures vanquished.

Vanquished Creatures (others)
  A kobold (D:1)
  A plant (Lair:2)
2 creatures vanquished.

Grand Total: 255 creatures vanquished

Notes
Turn   | Place    | Note
--------------------------------------------------------------
     0 | D:1      | magog001 the Minotaur Fighter began the quest for the Orb.
     0 | D:1      | Reached XP level 1. HP: 19/19 MP: 0/0
    95 | D:1      | Reached XP level 2. HP: 19/27 MP: 1/1
   274 | D:1      | Reached skill level 4 in Shields
   711 | D:2      | Reached XP level 3. HP: 33/33 MP: 2/2
  1297 | D:3      | Noticed Terence
  1322 | D:3      | Killed Terence
  1322 | D:3      | Reached XP level 4. HP: 24/40 MP: 3/3
  1353 | D:3      | Reached skill level 1 in Dodging
  1525 | D:3      | Gained mutation: You are dopey. (Int -2) [potion of mutation]
  1525 | D:3      | Gained mutation: You occasionally shout uncontrollably at your foes. [potion of mutation]
  1525 | D:3      | Gained mutation: You expend magic power (3 MP) to strengthen your wands. [potion of mutation]
  1528 | D:3      | Gained mutation: You are partially covered in icy blue scales (AC +1). [potion of beneficial mutation]
  1530 | D:3      | Lost mutation: You occasionally shout uncontrollably at your foes. [potion of cure mutation]
  1530 | D:3      | Lost mutation: You are dopey. (Int -2) [potion of cure mutation]
  1530 | D:3      | Lost mutation: You are partially covered in icy blue scales (AC +1). [potion of cure mutation]
  1530 | D:3      | Lost mutation: You expend magic power (3 MP) to strengthen your wands. [potion of cure mutation]
  1672 | D:3      | Reached skill level 1 in Polearms
  1828 | D:3      | Noticed Crazy Yiuf
  1837 | D:3      | Killed Crazy Yiuf
  1837 | D:3      | Reached skill level 5 in Armour
  1837 | D:3      | Reached XP level 5. HP: 19/46 MP: 4/4
  2335 | D:3      | Noticed Sigmund
  2369 | D:3      | Killed Sigmund
  2369 | D:3      | Reached skill level 5 in Shields
  2369 | D:3      | Reached XP level 6. HP: 27/53 MP: 5/5
  2609 | D:3      | Noticed Ijyb
  2615 | D:3      | Killed Ijyb
  2670 | D:4      | Found a stormy altar of Qazlal.
  2670 | D:4      | Found a blossoming altar of Fedhas.
  2695 | D:4      | Found Buoprose's Book Shoppe.
  2855 | D:4      | Noticed Dowan
  2856 | D:4      | Noticed Duvessa
  2864 | D:4      | Killed Duvessa
  2864 | D:4      | Reached skill level 1 in Maces & Flails
  2867 | D:4      | Killed Dowan
  2867 | D:4      | Reached XP level 7. HP: 60/60 MP: 6/6
  2889 | D:4      | Found an oddly glowing altar of Pakellas.
  2938 | D:4      | Found Kuprov's Jewellery Boutique.
  3357 | D:4      | Found a staircase to the Ecumenical Temple.
  3377 | D:4      | Reached skill level 6 in Shields
  3416 | D:4      | Gained mutation: Potions and wands are less effective at restoring your health. [potion of mutation]
  3416 | D:4      | Gained mutation: Your flesh is heat resistant. [potion of mutation]
  3416 | D:4      | Gained mutation: You are agile. (Dex +2) [potion of mutation]
  3569 | D:4      | Noticed Blork the orc
  3580 | D:4      | Killed Blork the orc
  3621 | D:4      | Reached skill level 5 in Fighting
  3723 | D:5      | Entered Level 5 of the Dungeon
  3857 | D:5      | Found Kiotarphy's Quality Used Wands.
  3863 | D:5      | Reached XP level 8. HP: 68/68 MP: 7/7
  3913 | D:5      | Noticed a two-headed ogre
  3919 | D:5      | Killed a two-headed ogre
  3928 | D:5      | Reached skill level 5 in Dodging
  4209 | D:5      | Bought a wand of iceblast (0/15) for 52 gold pieces
  4255 | D:5      | Reached skill level 7 in Shields
  4339 | D:5      | Noticed Edmund
  4354 | D:5      | Killed Edmund
  4503 | D:5      | Found a shattered altar of Ashenzari.
  4902 | D:6      | Noticed a two-headed ogre
  4912 | D:6      | Killed a two-headed ogre
  4931 | D:6      | Reached skill level 8 in Shields
  4931 | D:6      | Reached XP level 9. HP: 61/75 MP: 8/8
  5115 | D:6      | Found a bloodstained altar of Trog.
  5115 | D:6      | Found an ancient bone altar of Kikubaaqudgha.
  5280 | D:7      | Noticed magog001's ghost (novice MiFi)
  5709 | D:7      | Found a sacrificial altar of Ru.
  6299 | D:7      | Reached skill level 5 in Maces & Flails
  6605 | D:8      | Reached skill level 9 in Shields
  6686 | D:8      | Found a sparkling altar of Nemelex Xobeh.
  6756 | D:8      | Became a worshipper of Nemelex Xobeh the Trickster
  6760 | D:8      | Received a gift from Nemelex Xobeh
  7373 | D:8      | Reached skill level 10 in Shields
  7413 | D:8      | Found a staircase to the Lair.
  7521 | D:8      | Reached XP level 10. HP: 81/83 MP: 9/9
  7883 | Lair:1   | Entered Level 1 of the Lair of Beasts
  8170 | Lair:1   | Noticed a five-headed hydra
  8190 | Lair:1   | Killed a five-headed hydra
  8660 | Lair:1   | Noticed a black mamba
  8673 | Lair:1   | Killed a black mamba
  8673 | Lair:1   | Reached skill level 11 in Shields
  9091 | Lair:2   | Reached * piety under Nemelex Xobeh
  9174 | Lair:2   | Found a frozen archway.
  9215 | Lair:2   | Impaled on a porcupine's spines

Skill      XL: |  1  2  3  4  5  6  7  8  9 10 |
---------------+-------------------------------+-----
Shields        | 4 5 6 8 10 11 | 11.4
Armour         | 4 5 6 7 8 9 |  9.6
Fighting       | 4 5 6 |  6.7
Dodging        | 1 2 3 4 5 7 8 |  8.2
Polearms       | 1 |  1.0
Maces & Flails | 1 2 4 6 7 |  7.3
Axes           | |  2.8
Stealth        | |  0.8
Evocations     | |  0.5

Action                   |  1- 3 |  4- 6 |  7- 9 | 10-12 || total
-------------------------+-------+-------+-------+-------++-------
Melee: War axe           |    21 |       |       |       ||    21
       Headbutt          |    13 |    17 |    98 |    43 ||   171
       Spear             |    84 |    69 |       |       ||   153
       Flail             |       |    92 |   419 |   216 ||   727
Evoke: Wand              |       |       |     3 |     4 ||     7
       Deck              |       |       |       |     4 ||     4
  Use: Scroll            |     3 |     3 |    11 |     6 ||    23
       Potion            |       |    12 |     5 |     2 ||    19
  Eat: Chunk             |     1 |     1 |    10 |     2 ||    14
       Pizza             |       |     1 |       |     1 ||     2
       Meat ration       |       |     1 |       |       ||     1
       Beef jerky        |       |       |     3 |       ||     3
       Bread ration      |       |       |     1 |       ||     1
       Fruit             |       |       |       |     2 ||     2
Armor: Scale mail        |    37 |    58 |   102 |    73 ||   270
       Skin              |       |       |       |    37 ||    37
Dodge: Dodged            |    26 |    56 |    96 |    75 ||   253
Block: Shield            |    41 |       |       |       ||    41
       Buckler           |     8 |    54 |     8 |       ||    70
       Large shield      |       |       |   313 |   286 ||   599
